 Dungeon Crawl Stone Soup version 0.21-a0-71-g5e5ddd2 (webtiles) character file.

267052 grindst0ne the Maledictor (level 19, -8/146 HPs)
             Began as a Vampire Enchanter on June 19, 2017.
             Was the Champion of Okawaru.
             Killed from afar by a battlesphere (12 damage)
             ... created by a deep elf mage
             ... in a wizard's laboratory.
             The game lasted 03:50:27 (60907 turns).

grindst0ne the Maledictor (Vampire Enchanter)      Turns: 60907, Time: 03:50:28

Health: -8/146     AC:  0    Str:  9    XL:     19   Next: 34%
Magic:  21/22      EV: 42    Int: 18    God:    Okawaru [******]
Gold:   1748       SH:  0    Dex: 27    Spells: 7/22 levels left

rFire    . . .     SeeInvis +   (weapon currently unavailable)
rCold    + . .     Gourm    .   (shield currently unavailable)
rNeg     + + .     Faith    +   (armour currently unavailable)
rPois    +         Spirit   .   (helmet currently unavailable)
rElec    .         Reflect  .   (cloak currently unavailable)
rCorr    .         Harm     .   (gloves currently unavailable)
MR       ++...     Rnd*Tele +   (boots currently unavailable)
Stlth    +++++++++.             L - amulet of faith
HPRegen  0.17/turn              (ring currently unavailable)
MPRegen  0.18/turn              (ring currently unavailable)

@: bat-form, flying, regenerating slowly, very quick
A: fangs 3, see invisible, magic resistance 1, strong 1, teleportitis 1,
evolution 1
}: 2/15 runes: decaying, serpentine
a: End Transformation, Heroism, Finesse, Renounce Religion


You were in a wizard's laboratory.
You worshipped Okawaru.
Okawaru was exalted by your worship.
You were thirsty.
You were in vampire-bat-form.
You visited 6 branches of the dungeon, and saw 32 of its levels.
You also visited: Labyrinth, Ice Cave and Wizlab.

You collected 2977 gold pieces.
You spent 1229 gold pieces at shops.

Inventory:

Hand Weapons
 p - the +4 arc blade (melded) {discharge, rElec}
   (Okawaru gifted it to you on level 4 of the Swamp)

   It insulates you from electricity.
 X - the +6 rapier of Extremism {elec, *Corrode rElec rC+ Str+2}
   (Okawaru gifted it to you on level 2 of the Snake Pit)

   Occasionally, upon striking a foe, it will discharge some electrical energy
   and cause terrible harm.
   It affects your strength (+2).
   It protects you from cold.
   It insulates you from electricity.
   It may corrode you when you take damage.
Armour
 h - the +2 cloak of Cutonapp (melded) {rElec rN+}
   (You acquired it in an ice cave)

   It insulates you from electricity.
   It protects you from negative energy.
 C - a +1 buckler of protection (melded)
 F - +5 steam dragon scales (melded)
 J - a +0 pair of boots (melded)
 N - a +2 helmet of intelligence (melded)
 P - a +1 pair of gloves (melded)
 V - a +2 shield of protection
 Y - the +23 crystal plate armour "Umucoa" {-Cast rF+ rCorr Dex+3}
   (Okawaru gifted it to you on level 10 of the Dungeon)

   It affects your dexterity (+3).
   It protects you from fire.
   It prevents spellcasting.
   It protects you from acid and corrosion.
Jewellery
 u - the ring "Gyumad" (melded) {rC++ Int+3 Dex+4}
   (You found it on level 8 of the Dungeon)

   [ring of intelligence]

   It affects your intelligence (+3).
   It affects your dexterity (+4).
   It greatly protects you from cold.
 G - the ring of Daffodils (melded) {*Drain MP+9 Int+6 SInv}
   (You found it on level 8 of the Dungeon)

   [ring of magical power]

   It affects your intelligence (+6).
   It affects your magic capacity (+9).
   It lets you see invisible.
   It causes draining when unequipped.
 L - an amulet of faith (around neck)
Wands
 g - a wand of iceblast (5/15)
 k - a wand of polymorph (13/24)
 v - a wand of disintegration (16/24)
 y - a wand of paralysis (13/24)
 A - a wand of acid (0/15)
 D - a wand of iceblast (6/15)
 T - a wand of flame (2/48)
 U - a wand of iceblast (5/15)
Scrolls
 a - a scroll of fear
 c - 3 scrolls of magic mapping
 f - 3 scrolls of teleportation
 r - 10 scrolls of remove curse
 s - 5 scrolls of enchant weapon
 w - 5 scrolls of identify
 E - 4 scrolls of amnesia
 Q - a scroll of blinking
 S - 2 scrolls of recharging
 Z - 4 scrolls of enchant armour
Potions
 e - 6 potions of agility
 i - a potion of flight
 j - 3 potions of cancellation
 l - 12 potions of brilliance
 m - 3 potions of might
 q - 39 potions of blood
 t - 5 potions of haste
 z - 4 potions of magic
 K - 2 potions of ambrosia
 R - 2 potions of resistance
 W - a potion of invisibility
Books
 o - the Compendium of Dark Secrets
   (You found it on level 4 of the Snake Pit)

   Spells                             Type                      Level
   a - Control Undead                 Necromancy                   4
   b - Excruciating Wounds            Charms/Necromancy            5
   c - Cigotuvi's Embrace             Necromancy                   5
   d - Death Channel                  Necromancy                   6
 x - a book of Battle

   Spells                             Type                      Level
   a - Infusion                       Charms                       1
   b - Shroud of Golubria             Charms/Translocation         2
   c - Song of Slaying                Charms                       2
   d - Spectral Weapon                Hexes/Charms                 3
   e - Regeneration                   Charms/Necromancy            3
 B - a book of Air

   Spells                             Type                      Level
   a - Shock                          Conjuration/Air              1
   b - Swiftness                      Charms/Air                   2
   c - Static Discharge               Conjuration/Air              3
   d - Airstrike                      Air                          4
   e - Lightning Bolt                 Conjuration/Air              5
 I - a book of Enchantments

   Spells                             Type                      Level
   a - Cause Fear                     Hexes                        4
   b - Yara's Violent Unravelling     Hexes/Transmutation          5
   c - Silence                        Hexes/Air                    5
   d - Deflect Missiles               Charms/Air                   6
   e - Discord                        Hexes                        8
 O - a book of Dreams

   Spells                             Type                      Level
   a - Ensorcelled Hibernation        Hexes/Ice                    2
   b - Silence                        Hexes/Air                    5
   c - Darkness                       Hexes                        6
   d - Shadow Creatures               Summoning                    6
Miscellaneous
 b - a lightning rod (1/4)
 M - a lamp of fire


   Skills:
 - Level 12.0 Fighting
 - Level 14.2 Short Blades
 - Level 19.4 Dodging
 - Level 19.0 Stealth
 - Level 7.5 Shields
 - Level 2.0 Spellcasting
 + Level 23.8 Hexes
 - Level 5.1 Evocations


You had 7 spell levels left.
You knew the following spells:

 Your Spells              Type           Power        Failure   Level  Hunger
a - Confuse               Hex            ######..     0%          3    ###....
b - Ensorcelled Hibernat  Hex/Ice        #####.       1%          2    ###....
c - Tukima's Dance        Hex            ######..     0%          3    ###....
d - Regeneration          Chrm/Necr      #.........   47%         3    ###....
e - Cause Fear            Hex            ######....   0%          4    #####..


Dungeon Overview and Level Annotations

Branches:
Dungeon (15/15)            Temple (0/1) D:7            Lair (6/6) D:9
  Swamp (4/4) Lair:4        Snake (4/4) Lair:2        Slime (0/5) Lair:5
    Orc (2/2) D:9             Elf (0/3) Orc:2        Vaults (1/5) D:13
 Depths (0/5) D:15

Altars:
Cheibriados
Dithmenos
Elyvilon
Fedhas
Gozag
Hepliaklqana
Nemelex Xobeh
Okawaru
Qazlal
Ru
Trog
Xom
Yredelemnul
Zin
The Shining One
Beogh

Shops:
D:10 (   D:11 [   Orc:1 *   Orc:2 [*?(   Snake:4 }

Annotations:
D:15 1 transporter WizLab exclusion: 3 statues


Innate Abilities, Weirdness & Mutations

You heal slowly.
You have razor-sharp teeth.
You have supernaturally acute eyesight. (SInv)
((You can survive without breathing.))
((Your flesh is heat resistant. (rF+)))
You are resistant to hostile enchantments. (MR+)
((Your system is resistant to poisons. (rPois)))
((You are covered in fur. (AC +1)))
Your muscles are strong. (Str +2)
You are occasionally teleported next to monsters.
You evolve.


Message History

The +2 cloak of Cutonapp {rElec rN+} melds into your body.
Your +2 helmet of intelligence melds into your body.
Your +1 pair of gloves melds into your body.
Your +0 pair of boots melds into your body.
Your +1 buckler of protection melds into your body.
Your +5 steam dragon scales melds into your body.
The ring "Gyumad" {rC++ Int+3 Dex+4} melds into your body.
The ring of Daffodils {*Drain MP+9 Int+6 SInv} melds into your body.
The arc blade stops crackling.
You feel stupid.
You feel less protected.
You feel stupid.
You feel your magic capacity decrease.
You feel a little less mighty now.
You feel a little less agile now.
The deep elf mage gestures at you while chanting.
The magic dart hits you!
* * * LOW HITPOINT WARNING * * *
A barrage of energy appears from out of your range of vision.
The barrage of energy hits you!
You die...

#...#.........§.§§.§##
##.##.#...........##.#
)...)###...........§##
#####)#.#..........#.#
##)#.#..........##
##)###........#.#
##.#..........##
##.##....§§§#.#
#.#.....b§§###
#....)..§§#.§#
#.#......§§###
##.##.....§§#.#
##.#......§...#
##)###........#.#
##§#.#..........##
#####§#.#.e........#.#
.)§§§###............##


You could see a deep elf mage.

Vanquished Creatures
  Vashnia (Snake:3)
  Kirke (Lair:3)
  6 thorn hunters
  Donald (Swamp:3)
  5 nagarajas
  A fire giant (D:15)
  Louise (D:15)
  3 vault wardens (Vaults:1)
  3 ironheart preservers (Vaults:1)
  4 very ugly things
  Nessos (Lair:6)
  Azrael (D:15)
  4 purple draconians (WizLab)
  3 statues (WizLab)
  3 ogre magi
  A fire dragon (Lair:6)
  A minotaur (Lab)
  A yaktaur captain (Vaults:1)
  18 hydras
  A vault guard (Vaults:1)
  15 naga warriors
  A ghost crab (Swamp:4)
  Erica (D:10)
  3 centaur warriors
  2 death knights
  7 anacondas
  9 two-headed ogres
  9 alligators
  7 death yaks
  7 orc high priests
  10 shock serpents
  A spriggan berserker (Swamp:4)
  23 naga sharpshooters
  Nergalle (Lair:2)
  A fire crab (D:15)
  3 salamander mystics
  6 skeletal warriors
  12 swamp dragons
  A spriggan druid (Swamp:3)
  9 naga ritualists
  3 sea snakes (Snake:4)
  2 phantasmal warriors (D:15)
  3 ironbrand convokers (Vaults:1)
  18 deep elf magi
  3 shambling mangroves (Swamp:4)
  11 mana vipers
  5 orc knights
  A manticore (D:13)
  11 elephants
  A necromancer (IceCv)
  5 cyclopes
  9 ugly things
  12 salamanders
  37 black mambas
  Joseph (D:9)
  A vault sentinel (Vaults:1)
  A torpor snail (Lair:2)
  26 naga magi
  3 guardian serpents
  3 gargoyles (Lab)
  20 spiny frogs
  3 ice statues (IceCv)
  9 komodo dragons
  2 kobold demonologists (D:14)
  An efreet (D:11)
  5 yaktaurs (Vaults:1)
  5 rime drakes (Lair:6)
  11 ice devils (IceCv)
  2 minotaur zombies (Lab)
  14 polar bears
  12 trolls
  17 hornets
  2 raiju (Lair:6)
  34 blink frogs
  9 tyrant leeches
  13 hippogriffs
  13 bog bodies
  A meliai zombie (D:15)
  8 slime creatures (Swamp:4)
  3 dream sheep (Lair:2)
  3 shadows
  Sigmund (D:5)
  2 water elementals (D:12)
  9 spriggans
  2 wraiths
  2 wyverns
  73 yaks
  A hog (Lair:3)
  3 fire elementals (D:15)
  4 basilisks
  A steam dragon (D:7)
  The ghost of xgamer67 the Poker, an amateur MfSk of Okawaru (D:3)
  29 vampire mosquitoes
  24 insubstantial wisps
  8 wargs
  20 swamp worms
  2 soldier ants
  39 nagas
  2 acid dragons
  14 hell hounds
  17 water moccasins
  6 porcupines
  4 eyes of draining
  17 swamp drakes
  A black bear (shapeshifter) (D:15)
  5 sky beasts
  12 black bears
  6 ice beasts
  47 orc warriors
  8 phantoms
  25 wolves
  2 necrophages
  5 boggarts (D:15)
  9 centaurs
  20 ogres
  14 crocodiles
  3 big kobolds
  21 bullfrogs
  A gnoll sergeant (D:8)
  5 scorpions
  14 wights
  7 electric eels (D:12)
  5 howler monkeys
  6 crimson imps
  3 centaur zombies
  2 bullfrog zombies
  A draconian simulacrum (IceCv)
  7 centaur skeletons
  34 orc priests
  A water moccasin simulacrum (D:12)
  Crazy Yiuf (D:5)
  9 hounds
  2 jellies
  3 bullfrog skeletons
  5 iguanas
  23 orc wizards
  A hell rat (D:9)
  9 worker ants
  A killer bee zombie (D:8)
  4 centaur simulacra (IceCv)
  A hound zombie (D:6)
  3 hound skeletons
  5 gnolls
  A worker ant zombie (D:11)
  A howler monkey skeleton (D:4)
  18 adders
  2 naga simulacra (IceCv)
  3 ogre simulacra (IceCv)
  2 shadow imps
  15 white imps
  An ooze (D:5)
  An adder zombie (D:6)
  An adder skeleton (D:9)
  4 worms
  A dart slug (D:2)
  6 leopard geckos
  97 orcs
  5 giant cockroaches
  7 goblins
  10 hobgoblins
  13 jackals
  14 kobolds
  6 quokkas
  A ball python (Lair:2)
  3 bats
  3 frilled lizards
  A leopard gecko skeleton (D:5)
  A leopard gecko zombie (D:8)
  A quokka skeleton (D:4)
  2 quokka zombies
  11 rats
  A plant (Lair:6)
1375 creatures vanquished.

Vanquished Creatures (collateral kills)
  4 two-headed ogres
  A spriggan (Swamp:3)
  A hornet (Swamp:3)
  A warg (Orc:1)
  An ice beast (D:12)
  An ogre (D:7)
  An orc priest (Orc:1)
  A white imp (D:12)
  An orc (Orc:1)
12 creatures vanquished.

Vanquished Creatures (others)
  2 blink frogs (Swamp:3)
  A human (Lair:4)
  3 electric eels (D:12)
  A jelly (D:11)
  An ufetubus (D:12)
  4 briar patches (Swamp:1)
  8 fungi
  30 plants
50 creatures vanquished.

Grand Total: 1437 creatures vanquished

Notes
Turn   | Place    | Note
-------+----------+-------------------------------------------
     0 | D:1      | grindst0ne the Vampire Enchanter began the quest for the Orb.
     0 | D:1      | Reached XP level 1. HP: 13/13 MP: 3/3
   706 | D:1      | Reached XP level 2. HP: 16/19 MP: 5/5
   710 | D:1      | Learned a level 2 spell: Ensorcelled Hibernation
   964 | D:2      | Found an iron altar of Okawaru.
  1300 | D:2      | Became a worshipper of Warmaster Okawaru
  1310 | D:2      | Reached skill level 5 in Stealth
  1310 | D:2      | Reached skill level 5 in Hexes
  1773 | D:2      | Reached XP level 3. HP: 24/24 MP: 3/6
  2892 | D:3      | Noticed xgamer67's ghost (amateur MfSk)
  2947 | D:2      | Learned a level 3 spell: Confuse
  3331 | D:3      | Killed xgamer67's ghost
  3331 | D:3      | Reached * piety under Okawaru
  3331 | D:3      | Reached skill level 7 in Hexes
  3331 | D:3      | Reached XP level 4. HP: 15/30 MP: 2/7
  3331 | D:3      | Reached XP level 5. HP: 17/35 MP: 2/8
  4511 | D:4      | Noticed an ogre
  4638 | D:4      | Reached XP level 6. HP: 41/41 MP: 9/9
  4686 | D:4      | Learned a level 3 spell: Tukima's Dance
  4719 | D:4      | Reached skill level 8 in Hexes
  5079 | D:4      | Found a stormy altar of Qazlal.
  5081 | D:4      | Found a blossoming altar of Fedhas.
  5248 | D:4      | Reached ** piety under Okawaru
  5248 | D:4      | Reached XP level 7. HP: 46/46 MP: 10/10
  5312 | D:4      | Found an opulent altar of Gozag.
  5313 | D:4      | Found a glowing silver altar of Zin.
  5437 | D:4      | Found a glowing golden altar of the Shining One.
  5526 | D:5      | Entered Level 5 of the Dungeon
  5529 | D:5      | Reached skill level 9 in Hexes
  5673 | D:5      | Reached skill level 10 in Stealth
  5844 | D:5      | Noticed Sigmund
  5865 | D:5      | Killed Sigmund
  5865 | D:5      | Reached skill level 10 in Hexes
  6042 | D:5      | Reached XP level 8. HP: 52/52 MP: 11/11
  6614 | D:5      | Found a runed door.
  6796 | D:5      | Noticed Crazy Yiuf
  6807 | D:5      | HP: 2/52 [Crazy Yiuf/quarterstaff of chaos (1)]
  6810 | D:5      | Killed Crazy Yiuf
  7636 | D:6      | Reached *** piety under Okawaru
  7822 | D:6      | Reached skill level 11 in Hexes
  8489 | D:7      | Found a staircase to the Ecumenical Temple.
  9223 | D:7      | Found a shadowy altar of Dithmenos.
  9226 | D:7      | Reached **** piety under Okawaru
  9226 | D:7      | Reached skill level 5 in Short Blades
  9226 | D:7      | Reached skill level 12 in Hexes
  9256 | D:7      | Received a gift from Okawaru
  9963 | D:7      | Reached XP level 9. HP: 35/57 MP: 5/12
 10601 | D:8      | Found a sacrificial altar of Ru.
 10775 | D:8      | Reached skill level 13 in Hexes
 10862 | D:8      | Received a gift from Okawaru
 10873 | D:8      | Got a sparkling silver ring
 10874 | D:8      | Identified the ring of Daffodils {*Drain MP+9 Int+6 SInv} (You found it on level 8 of the Dungeon)
 10876 | D:8      | Noticed a deep elf mage
 10877 | D:8      | Killed a deep elf mage
 10878 | D:8      | Noticed a death knight
 10881 | D:8      | Got a smoking pewter ring
 10888 | D:8      | Killed a death knight
 10888 | D:8      | Reached skill level 14 in Hexes
 11280 | D:7      | Identified the ring of Xice {Ice rElec Dex+3} (You found it on level 8 of the Dungeon)
 11434 | D:8      | Noticed a two-headed ogre
 11454 | D:8      | Killed a two-headed ogre
 11454 | D:8      | Reached ***** piety under Okawaru
 11454 | D:8      | Reached XP level 10. HP: 63/63 MP: 8/13
 11639 | D:8      | Found a basalt altar of Yredelemnul.
 11905 | D:8      | Got a scintillating bone ring
 11907 | D:8      | Identified the ring "Gyumad" {rC++ Int+3 Dex+4} (You found it on level 8 of the Dungeon)
 11910 | D:8      | Got an ancient turquoise ring
 11947 | D:8      | Reached skill level 15 in Hexes
 12184 | D:9      | Identified the ring "Ypuschet" {*Tele MR+ Int+3} (You found it on level 8 of the Dungeon)
 12197 | D:9      | Found a shimmering altar of Xom.
 12197 | D:9      | Noticed Joseph
 12783 | D:9      | Killed Joseph
 12887 | D:9      | Found a staircase to the Orcish Mines.
 12911 | D:9      | Found a roughly hewn altar of Beogh.
 12998 | D:9      | Found a staircase to the Lair.
 12998 | D:9      | Noticed a death yak
 13001 | D:9      | Noticed a death yak
 13002 | D:9      | Reached skill level 10 in Short Blades
 13004 | D:9      | Noticed a death yak
 13336 | D:8      | Killed a death yak
 13358 | D:9      | Reached skill level 16 in Hexes
 13378 | D:9      | Received a gift from Okawaru
 13434 | D:9      | Found a hazy altar of Hepliaklqana.
 13438 | D:9      | Got a tattered robe
 13454 | D:9      | Identified the cursed +1 robe of Inviolability {Regen+ Str+5 Slay-4} (You found it on level 9 of the Dungeon)
 13477 | D:9      | Found a sparkling altar of Nemelex Xobeh.
 13477 | D:9      | Found a snail-covered altar of Cheibriados.
 13567 | D:9      | Killed a death yak
 13661 | D:10     | Entered Level 10 of the Dungeon
 13758 | D:10     | Reached XP level 11. HP: 68/68 MP: 14/14
 13829 | D:10     | Noticed Erica
 13856 | D:10     | Killed Erica
 13856 | D:10     | Reached ****** piety under Okawaru
 14600 | D:10     | Reached skill level 17 in Hexes
 14698 | D:10     | Noticed a two-headed ogre
 14712 | D:10     | Noticed a two-headed ogre
 14723 | D:10     | Killed a two-headed ogre
 14725 | D:10     | Killed a two-headed ogre
 14725 | D:10     | Received a gift from Okawaru
 14744 | D:10     | Found Yclunkak's Weapon Shoppe.
 14933 | Lair:1   | Entered Level 1 of the Lair of Beasts
 15258 | Lair:1   | Reached skill level 1 in Fighting
 15736 | Lair:1   | Reached skill level 1 in Evocations
 16227 | Lair:2   | Gained mutation: Armour fits poorly on your strangely shaped body. [potion of mutation]
 16227 | Lair:2   | Gained mutation: Your flesh is heat resistant. (rF+) [potion of mutation]
 16227 | Lair:2   | Gained mutation: You can translocate small distances at will. [potion of mutation]
 16227 | Lair:2   | Gained mutation: You are covered in fur. (AC +1) [potion of mutation]
 16255 | Lair:2   | Reached skill level 18 in Hexes
 16295 | Lair:2   | Found a staircase to the Snake Pit.
 16505 | Lair:2   | Reached XP level 12. HP: 81/81 MP: 15/15
 16713 | Lair:2   | Reached skill level 5 in Dodging
 16825 | Lair:2   | Received a gift from Okawaru
 17161 | Lair:3   | Noticed Nergalle
 17651 | Lair:2   | Reached skill level 5 in Fighting
 17795 | Lair:2   | Killed Nergalle
 17838 | Lair:2   | Reached skill level 5 in Evocations
 17872 | Lair:3   | Reached skill level 19 in Hexes
 18007 | Lair:3   | Received a gift from Okawaru
 18539 | Lair:3   | Reached XP level 13. HP: 93/93 MP: 16/16
 18976 | Lair:4   | Found a staircase to the Swamp.
 19082 | Lair:4   | Noticed Kirke
 19671 | Lair:4   | Got a smoking quarterstaff
 19672 | Lair:4   | Identified the +6 quarterstaff of the Viper {drain, rElec} (You found it on level 4 of the Lair of Beasts)
 19864 | Lair:3   | Killed Kirke
 20446 | Lair:5   | Received a gift from Okawaru
 20539 | Lair:5   | Got a faintly humming cloak {god gift}
 20556 | Lair:5   | Identified the +0 cloak "Riuruqoh" {rN+ Int+3} (Okawaru gifted it to you on level 5 of the Lair of Beasts)
 20701 | Lair:4   | Reached skill level 20 in Hexes
 21847 | Lair:5   | Found a staircase to the Slime Pits.
 21856 | Lair:5   | Reached skill level 10 in Dodging
 22042 | Lair:6   | Entered Level 6 of the Lair of Beasts
 22075 | Lair:6   | Found a frozen archway.
 22163 | IceCv    | Entered an ice cave
 22896 | IceCv    | Reached XP level 14. HP: 94/106 MP: 17/17
 22916 | IceCv    | Identified a scroll of acquirement
 22919 | IceCv    | Got a slimy cloak
 22930 | IceCv    | Identified the +2 cloak of Cutonapp {rElec rN+} (You acquired it in an ice cave)
 23374 | IceCv    | Received a gift from Okawaru
 24935 | Lair:6   | Noticed Nessos
 25978 | Lair:6   | Killed Nessos
 26189 | Lair:6   | Received a gift from Okawaru
 27213 | Lair:6   | Reached skill level 10 in Fighting
 27218 | Lair:6   | Received a gift from Okawaru
 28222 | D:11     | Reached skill level 1 in Shields
 28287 | D:11     | Identified the cursed +1 robe of Eternity {rF++ Int+4 Dex-2} (You found it on level 11 of the Dungeon)
 28616 | D:10     | Received a gift from Okawaru
 28619 | D:10     | Got a shimmering crystal plate armour {god gift}
 28632 | D:10     | Identified the +23 crystal plate armour "Umucoa" {-Cast rF+ rCorr Dex+3} (Okawaru gifted it to you on level 10 of the Dungeon)
 28634 | D:10     | ..... I feel abuoed.
 28634 | D:10     | AbuSed
 29383 | D:11     | Found Woqa's Antique Armour Shoppe.
 29637 | D:12     | Reached XP level 15. HP: 115/115 MP: 18/18
 30205 | D:12     | Learned a level 3 spell: Regeneration
 30655 | D:12     | Learned a level 4 spell: Cause Fear
 30908 | D:13     | Found a labyrinth entrance.
 30917 | Lab      | Entered a labyrinth
 31558 | Lab      | Got a fine robe
 31570 | Lab      | Identified the +2 robe of Heoq {MR- Str+4 Int+2} (You found it in a labyrinth)
 32263 | D:13     | Received a gift from Okawaru
 32641 | D:13     | Got a pitted plate armour {god gift}
 32669 | D:13     | Identified the +10 plate armour of the Good {rElec rN+} (Okawaru gifted it to you on level 13 of the Dungeon)
 32669 | D:13     | Kill me
 32755 | D:13     | Found a gate to the Vaults.
 32829 | D:13     | Got a scorched falchion
 32830 | D:13     | Identified the +5 falchion "Ahutom" {freeze, Str+5 Dex+3} (You found it on level 13 of the Dungeon)
 33513 | D:15     | Entered Level 15 of the Dungeon
 33847 | D:15     | Found a staircase to the Depths.
 33847 | D:15     | Noticed a fire giant
 33853 | D:15     | Killed a fire giant
 33901 | D:15     | Noticed Azrael
 33903 | D:15     | Killed Azrael
 33907 | D:15     | Noticed Louise
 34330 | D:15     | Killed Louise
 34330 | D:15     | Received a gift from Okawaru
 34343 | D:15     | Got a faintly glowing ring mail {god gift}
 34354 | D:15     | Identified the +5 ring mail of Recklessness {rF+ SInv} (Okawaru gifted it to you on level 15 of the Dungeon)
 35175 | D:15     | Reached skill level 15 in Stealth
 35301 | D:15     | Found a transporter.
 35308 | D:15     | Found a bloodstained altar of Trog.
 35517 | Orc:1    | Entered Level 1 of the Orcish Mines
 35805 | Orc:1    | Found Asoupp's General Store.
 35843 | Orc:1    | Bought a scroll of teleportation for 39 gold pieces
 35843 | Orc:1    | Bought a scroll of enchant armour for 97 gold pieces
 35843 | Orc:1    | Bought a scroll of fog for 26 gold pieces
 35843 | Orc:1    | Bought a potion of might for 52 gold pieces
 36269 | Orc:2    | Entered Level 2 of the Orcish Mines
 36274 | Orc:2    | Found a staircase to the Elven Halls.
 37335 | Orc:2    | Reached XP level 16. HP: 116/127 MP: 18/19
 37507 | Orc:2    | Found a roughly hewn altar of Beogh.
 38191 | Orc:2    | Gained mutation: You occasionally shout uncontrollably at your foes. [a neqoxec]
 38209 | Orc:1    | Lost mutation: You occasionally shout uncontrollably at your foes. [potion of mutation]
 38209 | Orc:1    | Lost mutation: Armour fits poorly on your strangely shaped body. [potion of mutation]
 38209 | Orc:1    | Gained mutation: You are agile. (Dex +2) [potion of mutation]
 38209 | Orc:1    | Gained mutation: You evolve. [potion of mutation]
 38209 | Orc:1    | Gained mutation: You have a pair of small antennae on your head. [potion of mutation]
 38309 | Orc:2    | Reached skill level 5 in Shields
 38786 | Orc:2    | Received a gift from Okawaru
 39229 | Orc:2    | Found Ydexzor's Weapon Boutique.
 39232 | Orc:2    | Found Xelaest's General Store.
 39233 | Orc:2    | Found Zegirag's Antique Armour Boutique.
 39233 | Orc:2    | Found Ufomuc's Magic Scroll Shop.
 39244 | Orc:2    | Bought a scroll of recharging for 123 gold pieces
 39244 | Orc:2    | Bought a scroll of recharging for 123 gold pieces
 39244 | Orc:2    | Bought a scroll of magic mapping for 45 gold pieces
 39244 | Orc:2    | Bought a scroll of magic mapping for 45 gold pieces
 39244 | Orc:2    | Bought a scroll of teleportation for 39 gold pieces
 39244 | Orc:2    | Bought a scroll of enchant weapon for 97 gold pieces
 39244 | Orc:2    | Bought a scroll of identify for 26 gold pieces
 39244 | Orc:2    | Bought a scroll of blinking for 97 gold pieces
 39247 | Orc:2    | Bought a runed buckler for 217 gold pieces
 39247 | Orc:2    | Bought a transparent leather armour for 203 gold pieces
 39254 | Orc:2    | Gained mutation: You tend to lose your temper in combat. [evolution]
 39264 | Orc:2    | Identified the cursed +0 leather armour of Yredelemnul {+Inv rPois Regen+ Int-3 Slay+2} (You bought it in a shop on level 2 of the Orcish Mines)
 39571 | Swamp:1  | Entered Level 1 of the Swamp
 39817 | Swamp:1  | Noticed a thorn hunter
 40378 | Swamp:1  | Killed a thorn hunter
 40902 | Swamp:1  | Noticed a thorn hunter
 40915 | Swamp:1  | Killed a thorn hunter
 42367 | Swamp:2  | Noticed a thorn hunter
 42386 | Swamp:2  | Killed a thorn hunter
 43505 | Swamp:3  | Noticed a thorn hunter
 43513 | Swamp:3  | Killed a thorn hunter
 43869 | Swamp:3  | Noticed Donald
 43889 | Swamp:3  | Killed Donald
 43889 | Swamp:3  | Received a gift from Okawaru
 45144 | Swamp:4  | Entered Level 4 of the Swamp
 45144 | Swamp:4  | Noticed a thorn hunter
 45154 | Swamp:4  | Killed a thorn hunter
 46177 | Swamp:4  | Received a gift from Okawaru
 46265 | Swamp:4  | Gained mutation: You are robust. (+10% HP) [evolution]
 46784 | Swamp:4  | Reached skill level 15 in Dodging
 46819 | Swamp:4  | Reached XP level 17. HP: 146/146 MP: 16/20
 48577 | Swamp:4  | Received a gift from Okawaru
 49040 | Swamp:4  | Got a decaying rune of Zot
 49777 | Snake:1  | Entered Level 1 of the Snake Pit
 49777 | Snake:1  | Found a white marble altar of Elyvilon.
 49793 | Snake:1  | Gained mutation: You are occasionally teleported next to monsters. [evolution]
 49798 | Snake:1  | Received a gift from Okawaru
 49801 | Snake:1  | Identified the +1 scale mail of Fortitude {Slay+2} (Okawaru gifted it to you on level 1 of the Snake Pit)
 49888 | Snake:1  | Lost mutation: You have a pair of small antennae on your head. [potion of mutation]
 49888 | Snake:1  | Lost mutation: You are agile. (Dex +2) [potion of mutation]
 49888 | Snake:1  | Lost mutation: You are covered in fur. (AC +1) [potion of mutation]
 49888 | Snake:1  | Gained mutation: You are covered in fur. (AC +1) [potion of mutation]
 49888 | Snake:1  | Gained mutation: You are resistant to hostile enchantments. (MR+) [potion of mutation]
 52136 | Snake:2  | Received a gift from Okawaru
 52270 | Snake:2  | Got an ancient rapier {god gift}
 52271 | Snake:2  | Identified the +6 rapier of Extremism {elec, *Corrode rElec rC+ Str+2} (Okawaru gifted it to you on level 2 of the Snake Pit)
 52602 | Snake:3  | Lost mutation: You can translocate small distances at will. [potion of mutation]
 52602 | Snake:3  | Lost mutation: You tend to lose your temper in combat. [potion of mutation]
 52602 | Snake:3  | Lost mutation: You are robust. (+10% HP) [potion of mutation]
 52602 | Snake:3  | Lost mutation: You are occasionally teleported next to monsters. [potion of mutation]
 52602 | Snake:3  | Gained mutation: You are occasionally teleported next to monsters. [potion of mutation]
 52602 | Snake:3  | Gained mutation: Your muscles are strong. (Str +2) [potion of mutation]
 52942 | Snake:3  | Noticed Vashnia
 53429 | Snake:3  | Reached XP level 18. HP: 103/140 MP: 16/21
 54238 | Snake:3  | Killed Vashnia
 54887 | Snake:3  | Received a gift from Okawaru
 54901 | Snake:3  | Identified the +10 great mace of Sin {venom, rC+ MR+ Int+3 Dex+3} (Okawaru gifted it to you on level 3 of the Snake Pit)
 56284 | Snake:4  | Entered Level 4 of the Snake Pit
 57004 | Snake:4  | Received a gift from Okawaru
 57355 | Snake:4  | Reached skill level 21 in Hexes
 57391 | Snake:4  | Gained mutation: Your system is resistant to poisons. (rPois) [evolution]
 57435 | Snake:4  | Found Vauvagish's Gadget Shoppe.
 58977 | Snake:4  | Received a gift from Okawaru
 59497 | Snake:4  | Got a serpentine rune of Zot
 59531 | Snake:4  | Identified the Compendium of Dark Secrets
 59711 | Snake:3  | Reached skill level 22 in Hexes
 60030 | Vaults:1 | Entered Level 1 of the Vaults
 60175 | Vaults:1 | Reached XP level 19. HP: 146/146 MP: 22/22
 60291 | Vaults:1 | Reached skill level 23 in Hexes
 60308 | Vaults:1 | Received a gift from Okawaru
 60333 | Vaults:1 | Identified the +4 dire flail "Makhlod" {drain, Str+3} (Okawaru gifted it to you on level 1 of the Vaults)
 60396 | Vaults:1 | Found a magical portal.
 60408 | WizLab   | Entered Iskenderun's Mystic Tower
 60907 | WizLab   | HP: 4/146 [deep elf mage/magic dart (11)]
 60907 | WizLab   | Killed from afar by a battlesphere

Vault maps used:
D:1:      scummos_arrival_simple_crosswalls
D:2:      nicolae_overflow_crystal_walls, first_bread, minmay_misc_feat_cross
D:3:      kennysheep_nub
D:4:      grunt_temple_overflow_gold_and_silver,
          grunt_temple_overflow_forces_of_nature, glass_columns_a, tso_altar
D:5:      uniq_crazy_yiuf_cottage, uniq_sigmund
D:6:      grunt_decor_mini_mirrors
D:7:      grunt_dithmenos_shadows, minmay_temple_entry_statues
D:8:      minmay_the_grid_triangle_9x9_recursive_2, kennysheep_mini_moat,
          nicolae_ru_awakened_eye
D:9:      lemuel_crystal_altar, gammafunk_temple_overflow_elements,
          xom_teletrap_fun, dpeg_lair_monsters, minmay_orc_entry_temple_small,
          uniq_joseph
D:10:     serial_shops, nicolae_shop_trees, uniq_erica
D:11:     serial_shops, kennysheep_mini, hangedman_pestilent_swarm,
          hangedman_decor_peaks_small
D:12:     serial_ice, serial_ice_f, serial_ice_b, serial_ice_j, serial_ice_n,
          nrook_loot_triangle, lemuel_freeze_loot_1
D:13:     david_vaults_2, lab_entry_generic, nrook_guardian_serpent_ordinary
D:14:     small_statue_intersection
D:15:     grunt_enter_depths_giant_problem, minmay_misc_feat_roman,
          small_statue_alley_a, emtedronai_trogs_sanctum, uniq_azrael,
          uniq_louise
Lair:1:   grunt_megastairs_1
Lair:2:   minmay_snake_entry_six_corridors
Lair:3:   minivault_24, cheibrodos_lair_lostbears, uniq_nergalle
Lair:4:   swamp_mist, uniq_kirke
Lair:5:   slime_dummy
Lair:6:   hangedman_lair_caniforms_friends, guppyfry_lair_end_dragon,
          portal_ice_cave_entry_imps, uniq_nessos
Swamp:1:  hangedman_swamp_cone
Swamp:2:  serial_swamp_ruin, hangedman_swamp_ruin_wall,
          evilmike_swamp_ruin_house_6
Swamp:3:  nicolae_swamp_dense_foliage, swamp_pool1, hangedman_swamp_blocks,
          infiniplex_staircase_pool_2, uniq_donald
Swamp:4:  swamp_basic_johnstein, nicolae_swamp_trees_clearing
Snake:1:  basic_altar
Snake:2:  nicolae_snake_round_shape_thing
Snake:3:  serial_bayou_pond_d, uniq_vashnia
Snake:4:  snake_pit, serial_shops, nicolae_shop_temple_entry_statues_fountains,
          serial_bayou_lagoon_a, nicolae_snake_double_loop, st_stairs_13
Orc:1:    serial_shops, nicolae_shop_statue_plus
Orc:2:    st_orc_pillars, minmay_orc_temple_a
Vaults:1: nicolae_vaults_fighting_squares, v_misc_27, vaults_room_door_ring,
          ontoclasm_vaults_shuriken, nicolae_vaults_little_squares_4,
          hangedman_vaults_slice, vaults_room_door_ring, v_misc_23, v_misc_28,
          nicolae_vaults_big_ls, vaults_room_grunt_arrival_ludios,
          vaults_dpeg_diagonal, infiniplex_enter_wizlab_glasses
Lab:      labyrinth_hidden_loot, nicolae_lab_grate, labyrinth_glass_1,
          labyrinth_skeletal_remains, nicolae_lab_hexagon
IceCv:    ice_cave_tombish
WizLab:   wizlab_iskenderun

Skill      XL: |  1  2  3  4  5  6  7  8  9 10 11 12 13 14 15 16 17 18 19 |
---------------+----------------------------------------------------------+-----
Stealth        | 5 7 8 9 10 11 15 16 19 | 19.0
Hexes          | 5 7 8 10 12 14 16 18 19 20 22 23 | 23.8
Short Blades   | 5 8 10 12 13 14 | 14.2
Fighting       | 3 5 8 10 11 12 | 12.0
Dodging        | 4 7 10 12 15 18 19 | 19.4
Evocations     | 2 5 |  5.1
Shields        | 3 4 7 |  7.5
Spellcasting   | |  2.0

Action                   |  1- 3 |  4- 6 |  7- 9 | 10-12 | 13-15 | 16-18 | 19-21 || total
-------------------------+-------+-------+-------+-------+-------+-------+-------++-------
Melee: Dagger            |   136 |     9 |       |       |       |       |       ||   145
       Bite              |     9 |     3 |    18 |    14 |   174 |   233 |    34 ||   485
       Short sword       |       |    53 |   166 |   312 |       |       |       ||   531
       Quick blade       |       |       |       |    15 |   474 |       |       ||   489
       Punch             |       |       |       |       |     4 |       |       ||     4
       Rapier            |       |       |       |       |   906 |  1788 |   191 ||  2885
       Unarmed           |       |       |       |       |       |     2 |       ||     2
 Cast: Ensorcelled Hiber |    32 |    20 |    62 |   200 |   448 |   511 |    13 ||  1286
       Confuse           |     4 |     3 |    23 |    32 |   202 |   133 |     5 ||   402
       Tukima's Dance    |       |       |     4 |     1 |     4 |     5 |       ||    14
       Cause Fear        |       |       |       |       |       |     1 |       ||     1
Invok: Heroism           |       |       |     1 |       |    11 |    15 |     3 ||    30
       Finesse           |       |       |       |       |     1 |       |       ||     1
 Abil: Bat Form          |       |       |       |     3 |    12 |    14 |     2 ||    31
       End Transformatio |       |       |       |     3 |    12 |    14 |     1 ||    30
Evoke: Wand              |       |       |       |       |       |    46 |       ||    46
       Lightning rod     |       |       |       |       |       |    11 |       ||    11
       Lamp of fire      |       |       |       |       |       |     3 |       ||     3
  Use: Scroll            |     3 |     1 |    10 |     8 |    20 |    22 |     2 ||    66
       Potion            |     3 |     1 |     8 |     9 |    37 |    48 |    12 ||   118
 Stab: Sleeping          |    28 |    26 |    53 |   157 |   317 |   253 |    13 ||   847
       Confused          |     3 |     2 |     6 |    23 |   146 |    57 |     5 ||   242
       Distracted        |       |       |       |       |     4 |     8 |       ||    12
Armor: Robe              |    15 |     5 |       |       |       |       |       ||    20
       Leather armour    |       |       |    36 |       |       |       |       ||    36
       Steam dragon scal |       |       |     9 |    82 |   197 |   275 |     7 ||   570
Dodge: Dodged            |    65 |    32 |    98 |   239 |  1179 |  1447 |    56 ||  3116
Block: Buckler           |       |       |       |       |       |   523 |    25 ||   548
